AoeStats
← neethgiE

Oasis

509227918Analyzed
4v4 RM · 8d ago on Sep 26, 2026· 42m 20s· 8 players
Game mode
Random Map
Map size
Large (8 player)
Population
200
Speed
Normal
Resources
Standard
Victory
Conquest
Starting age
Dark Age
Ending age
Imperial Age
RankedLock teamsTeams togetherTeam positionsShared explorationLock speedFull tech treeHidden civsTurbo modeCheats
Victory
Defeat
913
+13
🇨🇳 Bohemians · China
905
+13
🇺🇸 Vikings · United States
904
+13
🇬🇧 Varangians · United Kingdom
891
+14
🇺🇸 Ethiopians · United States
893
-15
🇨🇱 Lithuanians · Chile
865
-14
🇺🇸 Persians · United States
830
-13
🇺🇸 Franks · United States
791
-11
Jimmz
10:37 Feudal Age
11:02 Double-Bit Axe
13:20 Horse Collar
14:13 Fletching
14:23 Padded Archer Armor
17:31 Wheelbarrow
16:42 Loom
17:35 Gold Mining
22:16 Castle Age
22:47 Elite Skirmisher
23:40 Bow Saw
23:42 Bodkin Arrow
24:02 Leather Archer Armor
24:02 Crossbowman
28:15 Thumb Ring
33:11 Stone Mining
36:55 Scale Barding Armor
42:54 Imperial Age
micely
14:05 Feudal Age
15:44 Wheelbarrow
16:06 Gold Mining
20:25 Double-Bit Axe
25:50 Forging
25:46 Scale Barding Armor
28:24 Castle Age
29:26 Hand Cart
29:22 Husbandry
30:27 Bow Saw
30:14 Stone Mining
31:18 Gold Shaft Mining
31:57 Iron Casting
31:43 Chain Barding Armor
31:43 Caravan
skywalkeratat
1:17 Loom
13:50 Feudal Age
14:22 Double-Bit Axe
14:30 Gold Mining
14:31 Stone Mining
16:15 Wheelbarrow
16:43 Bloodlines
16:32 Horse Collar
22:22 Scale Barding Armor
24:48 Man-at-Arms
29:59 Castle Age
28:54 Forging
30:40 Husbandry
33:32 Scale Mail Armor
34:08 Iron Casting
36:10 Scale Mail Armor
36:30 Chain Barding Armor
36:15 Heavy Plow
36:29 Bow Saw
36:38 Hand Cart
43:10 Imperial Age
TILONXO
3:06 Loom
10:07 Feudal Age
16:51 Castle Age
16:01 Double-Bit Axe
16:45 Horse Collar
23:15 Fervor
28:28 Wheelbarrow
27:38 Town Watch
28:51 Bloodlines
29:41 Hand Cart
31:50 Forging
32:03 Murder Holes
32:34 Ballistics
33:07 Scale Barding Armor
33:38 Iron Casting
33:30 Fletching
35:28 Chain Barding Armor
35:47 Husbandry
35:53 Bodkin Arrow
35:47 Crossbowman
36:32 Thumb Ring
36:53 Heavy Plow
37:00 Scale Mail Armor
38:07 Masonry
39:13 Padded Archer Armor
39:44 Gold Mining
42:27 Imperial Age
40:34 Leather Archer Armor
gduenasarana
6:39 Loom
11:13 Feudal Age
12:02 Double-Bit Axe
16:38 Town Watch
20:52 Castle Age
19:01 Scale Mail Armor
18:56 Stone Mining
19:05 Gold Mining
20:25 Forging
20:48 Horse Collar
21:57 Bow Saw
23:26 Heavy Plow
25:45 Gold Shaft Mining
25:31 Chain Mail Armor
30:30 Arson
30:46 Squires
31:00 Chieftains
31:58 Iron Casting
35:22 Imperial Age
34:12 Masonry
34:58 Town Patrol
35:39 Fletching
35:27 Elite Berserk
36:44 Plate Mail Armor
37:16 Blast Furnace
37:38 Chemistry
42:02 Architecture
42:12 Siege Engineers
neethgiE
11:40 Feudal Age
14:33 Loom
17:37 Castle Age
17:02 Double-Bit Axe
19:23 Elite Skirmisher
23:52 Padded Archer Armor
23:42 Fletching
29:25 Horse Collar
29:50 Caravan
30:36 Heavy Plow
31:51 Gold Mining
34:38 Bow Saw
37:19 Imperial Age
35:48 Squires
35:33 Gambesons
38:16 Forging
38:12 Scale Barding Armor
38:33 Conscription
38:24 Elite Varangian Guard
40:43 Iron Casting
40:09 Scale Mail Armor
Potatoes are my favourite fruit
0:27 Loom
10:50 Feudal Age
13:43 Wheelbarrow
15:11 Castle Age
13:14 Double-Bit Axe
13:12 Horse Collar
18:40 Bow Saw
24:58 Wheelbarrow
26:47 Forging
26:37 Scale Mail Armor
27:22 Hand Cart
29:11 Chain Mail Armor
29:31 Iron Casting
28:56 Gold Mining
28:59 Stone Mining
31:08 Gold Shaft Mining
31:10 Stone Shaft Mining
34:18 Imperial Age
32:40 Squires
33:45 Caravan
34:19 Elite Fire Lancer
35:24 Conscription
35:44 Plate Mail Armor
36:14 Blast Furnace
35:06 Fletching
35:17 Padded Archer Armor
37:12 Chemistry
36:34 Ballistics
36:27 Masonry
36:13 Murder Holes
36:49 Arson
37:35 Town Watch
39:19 Rocketry
39:13 Bodkin Arrow
39:34 Leather Archer Armor
39:21 Pikeman
39:28 Capped Ram
39:29 Heavy Rocket Cart
40:17 Halberdier
41:21 Siege Ram
小熊熊
10:50 Feudal Age
12:51 Loom
17:19 Castle Age
15:24 Double-Bit Axe
15:22 Horse Collar
23:11 Pikeman
28:56 Chemistry
31:41 Bow Saw
38:06 Wheelbarrow
39:33 Redemption
42:51 Imperial Age
40:50 Fletching
42:06 Wagenburg Tactics
42:29 Ballistics
Connection lost

Rejoining the realm…

Still unreachable

The connection could not be restored.

Session expired

The server has moved on; the page needs a fresh start.